 Dungeon Crawl Stone Soup version 0.31-a0-564-g3b7de120b3 (webtiles) character file.

Game seed: 1307726996822506769

1026 heikuro the Shield-Bearer (level 8, -3/63 HPs)
             Began as a Formicid Fighter on Aug 18, 2023.
             Was a Follower of the Shining One.
             Succumbed to a scorpion's poison
             ... on level 7 of the Dungeon.
             The game lasted 00:11:27 (3866 turns).

heikuro the Shield-Bearer (Formicid Fighter)        Turns: 3866, Time: 00:11:28

Health: -3/63      AC: 12    Str: 23    XL:     8   Next: 47%
Magic:  8/8        EV:  9    Int:  8    God:    the Shining One [*.....]
Gold:   185        SH:  5    Dex: 13    Spells: 7/7 levels left

rFire   . . .        a - +0 war axe
rCold   . . .        c - +0 buckler
rNeg    . . .        h - +3 scale mail
rPois   .            (helmet unavailable)
rElec   .            (no cloak)
rCorr   .            (no gloves)
SInv    +            s - +1 pair of boots
Will    .....        (no amulet) Stlth
                     (no ring)
HPRegen 0.30/turn    (no ring)
MPRegen 0.11/turn

%: no passive effects
@: mighty, lethally poisoned (-3 -> -16), marked, glowing
A: permanent stasis, dig shafts and tunnels, antennae 3, four strong arms
a: Dig, Shaft Self, Renounce Religion, Divine Shield


You were on level 7 of the Dungeon.
You worshipped the Shining One.
The Shining One was aware of your devotion.
You visited 2 branches of the dungeon, and saw 8 of its levels.

You collected 185 gold pieces.

Inventory:

Hand Weapons
 a - a +0 war axe (weapon)
 y - a +1 heavy mace
Missiles
 j - 5 boomerangs
 k - 8 poisoned darts
Armour
 c - a +0 buckler (worn)
 h - a +3 scale mail (worn)
 s - a +1 pair of boots (worn)
Jewellery
 p - a ring of ice
Wands
 x - a wand of paralysis (5)
Scrolls
 e - a scroll of noise {unknown}
 l - 2 scrolls of fog {unknown}
 m - a scroll of acquirement {unknown}
 n - 4 scrolls of identify {unknown}
 q - a scroll of teleportation {unknown}
 r - a scroll of amnesia {unknown}
 u - a scroll of poison {unknown}
 w - a scroll of enchant weapon {unknown}
Potions
 b - 4 potions of curing {unknown}
 d - a potion of might
 f - 3 potions of haste {unknown}
 g - 2 potions of brilliance {unknown}
 i - a potion of enlightenment {unknown}
 o - 2 potions of attraction {unknown}
 t - 2 potions of mutation {unknown}
 v - 2 potions of lignification {unknown}


   Skills:
 + Level 5.6 Fighting
 * Level 6.1 Axes
 + Level 5.5 Armour
 + Level 6.8 Shields


You had 7 spell levels left.
You didn't know any spells.
Your spell library contained the following spells:

 Spells                   Type           Power      Damage    Failure   Level
 Ensorcelled Hibernation  Hex/Ice        0%         N/A       88%         2
 Call Canine Familiar     Summ           0%         N/A       98%         3
 Portal Projectile        Hex/Tloc       0%         N/A       98%         3
 Anguish                  Hex/Necr       0%         N/A       100%        4
 Leda's Liquefaction      Hex/Erth       0%         N/A       100%        4


Dungeon Overview and Level Annotations

Branches:
Dungeon (7/15)             Temple (1/1) D:4

Altars:
Cheibriados
Dithmenos
Elyvilon
Fedhas
Gozag
Hepliaklqana
Kikubaaqudgha
Makhleb
Nemelex Xobeh
Okawaru
Qazlal
Ru
Sif Muna
Trog
Uskayaw
Vehumet
Wu Jian
Xom
Yredelemnul
Zin
The Shining One

Annotations:
D:4 Menkaure
D:5 Eustachio
D:6 Blork the orc, Jeremiah


Innate Abilities, Weirdness & Mutations

You cannot be hasted, slowed, berserked, paralysed or teleported.
You can dig through walls and to a lower floor.
You have a pair of large antennae on your head. (SInv)
Your four strong arms can wield two-handed weapons with a shield.


Message History

Unknown command.
You feel very mighty all of a sudden.
You feel very sick. The killer bee closely misses you.
The scorpion stings you but does no damage.
You block the killer bee's attack. The sky beast closely misses you.
Unknown command.
You barely miss the sky beast. You hit the scorpion but do no damage.
You slash the killer bee!
You kill the killer bee!
You feel sick. The scorpion stings you.
* * * LOW HITPOINT WARNING * * *
You are lethally poisoned!
The scorpion poisons you!
The sky beast hits you but does no damage.
A jelly comes into view.
You block the scorpion's attack.
You slash the sky beast!
The sky beast is moderately wounded.
You hit the scorpion.
* * * LOW HITPOINT WARNING * * *
You feel very sick. The scorpion stings you.
* * * LOW HITPOINT WARNING * * *
The sky beast hits you.
* * * LOW HITPOINT WARNING * * *
The sky beast shocks you.
* * * LOW HITPOINT WARNING * * *
The scorpion stings you but does no damage.
You block the ogre's attack.
An orc wizard comes into view. It is wielding a +0 dagger.
The sky beast barely misses you.
Unknown command.
Unknown command.
Unknown command.
Unknown command.
You slice the sky beast!!
You kill the sky beast!
You barely miss the scorpion. You slash the ogre!
You die...

#.......##.#.##.#.#.#.##.#
#...................#....#
#.......##.###.##.#.#.##.#
#.....)...............##.#
#.......####.###.##.#.##.#
#.......####.###.##.#.##.#
.........................#
#.#+#........s..####..####
#.>....o.J...)@.......#
#...........O...######
#...............#
#...............#
#...............#
#...............#
#...###########.# #.#


You could see an ogre, a scorpion, a jelly and an orc wizard.

Vanquished Creatures
  Sigmund (D:2)
  A water moccasin (D:7)
  A sky beast (D:7)
  A black bear (D:7)
  2 centaurs (D:7)
  A bullfrog (D:7)
  2 scorpions
  3 killer bees (D:7)
  A hound (D:6)
  A sleepcap (D:4)
  Jessica (D:2)
  3 adders (D:2)
  2 white imps (D:7)
  3 dart slugs
  4 orcs
  2 ball pythons
  6 bats
  4 endoplasms
  A giant cockroach (D:4)
  6 goblins
  8 hobgoblins
  7 jackals
  4 quokkas
  3 frilled lizards
  6 kobolds
  9 rats
83 creatures vanquished.

Notes
Turn   | Place    | Note
-------+----------+-------------------------------------------
     0 | D:1      | heikuro the Formicid Fighter began the quest for the Orb.
     0 | D:1      | Reached XP level 1. HP: 18/18 MP: 1/1
   142 | D:1      | Reached XP level 2. HP: 24/24 MP: 2/2
   692 | D:2      | Noticed Jessica
   696 | D:2      | Killed Jessica
   697 | D:2      | Reached XP level 3. HP: 12/30 MP: 3/3
   853 | D:2      | Reached XP level 4. HP: 37/37 MP: 4/4
  1120 | D:2      | Found a faded altar of an unknown god.
  1401 | D:2      | Noticed Sigmund
  1429 | D:2      | Killed Sigmund
  1430 | D:2      | Reached skill level 5 in Shields
  1430 | D:2      | Reached XP level 5. HP: 27/42 MP: 5/5
  1430 | D:2      | Reached XP level 6. HP: 31/48 MP: 6/6
  1591 | D:2      | Prayed at the altar of an unknown god.
  1591 | D:2      | Became a worshipper of Elyvilon the Healer
  1591 | D:2      | Reached * piety under Elyvilon
  1881 | D:3      | Found a glowing silver altar of Zin.
  2444 | D:3      | Reached ** piety under Elyvilon
  2622 | D:4      | Found a staircase to the Ecumenical Temple.
  2633 | Temple   | Entered the Ecumenical Temple
  2639 | Temple   | Fell from the grace of Elyvilon
  2639 | Temple   | Became a worshipper of the Shining One
  2722 | D:4      | Noticed Menkaure
  2920 | D:5      | Entered Level 5 of the Dungeon
  2942 | D:5      | Reached XP level 7. HP: 55/55 MP: 7/7
  2976 | D:5      | Noticed Eustachio
  3015 | D:5      | You fall into a shaft and drop 1 floor!
  3203 | D:6      | Noticed Blork the orc
  3205 | D:6      | Noticed Jeremiah
  3210 | D:6      | You fall into a shaft and drop 1 floor!
  3210 | D:7      | Found a bloodstained altar of Trog.
  3212 | D:7      | Found a radiant altar of Vehumet.
  3363 | D:7      | Reached skill level 5 in Fighting
  3363 | D:7      | Reached skill level 5 in Axes
  3401 | D:6      | Reached * piety under the Shining One
  3412 | D:6      | Reached skill level 5 in Armour
  3574 | D:7      | Noticed a water moccasin
  3591 | D:7      | Killed a water moccasin
  3592 | D:7      | Reached XP level 8. HP: 16/62 MP: 8/8
  3865 | D:7      | HP: 1/63 [sky beast (6)]
  3866 | D:7      | Succumbed to a scorpion's poison

Illustrated notes

Levels and vault maps discovered:
D:1:      minmay_arrival_cross, layout_basic
D:2:      layout_basic, nicolae_ecumenical_oubliette, minmay_ruptured,
          uniq_sigmund, uniq_jessica
D:3:      layout_loops_ring, mainiacjoe_overflow_alcove_2
D:4:      layout_gridville, minmay_temple_entry_drinking_statues,
          chequers_hall_statues_y, grunt_ministairs_10, uniq_menkaure,
          uniq_crazy_yiuf_cottage
D:5:      layout_gridville, uniq_eustachio
D:6:      layout_cave_pools, uniq_blork_the_orc, uniq_maggie, uniq_jeremiah
D:7:      layout_basic, grunt_temple_overflow_open, hangedman_decor_lopped,
          minmay_diced_spiral
Temple:   dpeg_three_leaves_temple

Skill      XL: |  1  2  3  4  5  6  7  8 |
---------------+-------------------------+-----
Axes           | 4 5 6 |  6.1
Fighting       | 4 5 |  5.6
Armour         | 4 5 |  5.5
Shields        | 5 6 |  6.8

Action                     |  1- 3 |  4- 6 |  7- 9 || total
---------------------------+-------+-------+-------++-------
  Melee: War axe           |    31 |   141 |    56 ||   228
         Mace              |       |       |    17 ||    17
Ability: Shaft Self        |       |       |     2 ||     2
    Use: Potion            |       |       |     1 ||     1
 Armour: Scale mail        |    16 |    76 |    87 ||   179
  Dodge: Dodged            |    13 |    70 |    63 ||   146
  Block: Buckler           |     4 |    45 |    37 ||    86

Table legend: (Time is in decaauts)
 A = Elapsed time spent in this place.
 B = Non-inter-level travel time spent in this place.
 C = Inter-level travel time spent in this place.
 D = Time resting spent in this place.
 E = Time spent auto-exploring this place.
 F = Levels seen in this place.
 G = Mean time per level.
                   A        B        C        D        E       F      G
               +--------+--------+--------+--------+--------+-----+--------+
         Total |   3958 |   3752 |    206 |    468 |   1998 |   8 |  494.8 |
       Dungeon |   3942 |   3736 |    206 |    468 |   1998 |   7 |  563.1 |
        Temple |     15 |     15 |      0 |      0 |      0 |   1 |   15.0 |
               +--------+--------+--------+--------+--------+-----+--------+

Top non-repeatable levels by time:
     D:2: 1123 daAuts
     D:1: 719 daAuts
     D:3: 685 daAuts
     D:7: 613 daAuts
     D:4: 435 daAuts
     D:6: 263 daAuts
     D:5: 101 daAuts
  Temple: 15 daAuts
